 Dungeon Crawl Stone Soup version 0.16-a0-2622-gbfab2ba (webtiles) character file.

315 RobertPalmer the Chiller (level 6, -9/36 HPs)
             Began as an Octopode Ice Elementalist on Nov 22, 2014.
             Mangled by nht's ghost (18 damage)
             ... on level 4 of the Dungeon.
             The game lasted 00:11:16 (5165 turns).

RobertPalmer the Chiller (OpIE)                     Turns: 5165, Time: 00:11:16

Health: -9/36      AC:  2    Str:  7    XL:     6   Next: 43%
Magic:  10/10      EV: 18    Int: 20    God:
Gold:   189        SH:  0    Dex: 19    Spells: 3 memorised, 1 level left

rFire  . . .     SeeInvis +     a - +9 flail of Animal Spirits {elec, rN+ Stlth+}
rCold  . . .     Clarity  .     (no shield)
rNeg   + . .     SustAb   .     g - +1 hat {SInv}
rPois  .         Gourm    .     (no amulet)
rElec  .         Spirit   .     x - +2 ring of intelligence
rCorr  .         Warding  .     (no ring)
rMut   .         Stasis   .     (no ring)
MR     .....                    (no ring)
Stlth  ++++++....               (no ring)
                                (no ring)
                                (no ring)
                                (no ring)

@: agile, not resistant to hostile enchantments, very stealthy
A: almost no armour, amphibious, 8 rings, constrict 8, camouflage 1, gelatinous
body 1
a: no special abilities


You were on level 4 of the Dungeon.
You were not hungry.

You visited 1 branch of the dungeon, and saw 4 of its levels.

You collected 189 gold pieces.


Innate Abilities, Weirdness & Mutations

You cannot wear most types of armour.
You are amphibious.
You can wear up to eight rings at the same time.
You can use your tentacles to constrict many enemies at once.
Your skin changes colour to match your surroundings (Stealth).
Your rubbery body absorbs attacks (AC +1).


   Skills:
 + Level 2.4 Maces & Flails
 - Level 2.0 Dodging
 - Level 2.6 Stealth
 - Level 2.0 Spellcasting
   Level 1.0 Conjurations
 - Level 6.4 Ice Magic


You had one spell level left.
You knew the following spells:

 Your Spells              Type           Power        Failure   Level  Hunger
a - Ozocubu's Armour      Chrm/Ice       ##......     14%         3    ###....
x - Summon Ice Beast      Ice/Summ       ##......     45%         4    #####..
z - Freeze                Ice            ####         1%          1    #......

Inventory:

Hand weapons
 a - the +9 flail of Animal Spirits (weapon) {elec, rN+ Stlth+}
   (You found it on level 4 of the Dungeon)

   Occasionally, upon striking a foe, it will discharge some electrical energy
   and cause terrible harm.
   It protects you from negative energy.
   It makes you more stealthy.
Armour
 e - a +0 large shield
 g - a +1 hat of see invisible (worn)
Jewellery
 x - a +2 ring of intelligence (left tentacle)
Magical devices
 y - a wand of paralysis (0)
Scrolls
 f - a scroll of immolation {!r}
 j - a scroll of amnesia {unknown}
 l - a scroll of enchant weapon {unknown}
 n - a scroll of noise {!r}
 s - a scroll of recharging {unknown}
 u - a scroll of fog {unknown}
 w - 2 scrolls of magic mapping
Potions
 h - 2 potions of curing {unknown}
 i - 3 potions of haste
 m - 2 potions of agility
 p - a potion of heal wounds {unknown}
 t - a potion of mutation {unknown}
 v - a potion of restore abilities {unknown}
 z - 2 potions of poison {!q}
 B - a potion of invisibility {unknown}
 D - a potion of berserk rage {unknown}
Books
 b - a book of Frost
Comestibles
 c - 2 bread rations
 k - 2 meat rations
 o - 7 fruits
 q - a slice of pizza

Dungeon Overview and Level Annotations

Branches:
Dungeon (4/15)
 Temple: D:4-7

Altars:
Cheibriados
Fedhas
Kikubaaqudgha
The Shining One

Annotations:
D:2 exclusion: oklob plant
D:4 nht's ghost, average OgBe

#####....# #.# # #....#
#.# # #....# ####.# #
####.#######....#
#.......##.##.#
#.....####'####
#.<...##♣...♣#
#.....##..W..#
##.....##♣.@.♣#
#......##.....#
###......####_###
##(..###### ### ###
##..### #.#
##..######******* #.#
...........,,,,,*###.##
.....#####*******#....#
###.....<,,,* #....#


You could see nht's ghost.


Message History

Evoke which item? (* to show all) (? for menu, Esc to quit)
Zapping:
y - a wand of paralysis {zapped: 10} (will waste charges)
Aim: nht's ghost Nht's ghost easily resists.
Evoking this partially-identified wand wasted a few charges.
Evoke which item? (* to show all) (? for menu, Esc to quit)
Zapping:
y - a wand of paralysis {zapped: 12} (will waste charges)
Aim: nht's ghost Nothing appears to happen.
Nht's ghost hits you but does no damage.
Nht's ghost yells, "Who would have thought, even in death it is a pleasure to sever!"
You see here a falchion.
Read which item? (? for menu, Esc to quit)
As you read the scroll labeled STRIRO SHRETERO, it crumbles to dust.
You hear a loud clanging noise!
It was a scroll of noise.
Nht's ghost hits you!
Nht's ghost wails, "There is no future for me!"
Read which item? (? for menu, Esc to quit)
As you read the scroll labeled AROHU MIJEGG, it crumbles to dust.
You assume a fearsome visage.
Nht's ghost is unaffected.
It was a scroll of fear.
You hear a distant slurping noise.
Nht's ghost hits you!
* * * LOW HITPOINT WARNING * * *
There is an open door here.
Drink which item? (? for menu, Esc to quit)
You feel agile all of a sudden. Nht's ghost hits you!!
Ouch! That really hurt!
You die...

Action                   |  1- 3 |  4- 6 || total
-------------------------+-------+-------++-------
Melee: Unarmed           |    75 |   125 ||   200
       Flail             |       |    26 ||    26
 Cast: Freeze            |    20 |    57 ||    77
       Ozocubu's Armour  |       |     3 ||     3
Evoke: Wand              |       |     6 ||     6
  Use: Scroll            |       |     9 ||     9
       Potion            |       |     1 ||     1
 Stab: Sleeping          |     2 |    10 ||    12
  Eat: Chunk             |     2 |    10 ||    12
       Fruit             |       |     1 ||     1
       Beef jerky        |       |     1 ||     1

Vault maps used:
D:1:      lightli_arrival_flooded_house
D:2:      first_bread, tgw_fedhas
D:3:      gammafunk_temple_overflow_statue
D:4:      tso_altar

Notes
Turn   | Place    | Note
--------------------------------------------------------------
     0 | D:1      | RobertPalmer, the Octopode Ice Elementalist, began the quest for the Orb.
     0 | D:1      | Reached XP level 1. HP: 11/11 MP: 3/3
   298 | D:1      | Reached XP level 2. HP: 17/17 MP: 4/4
   708 | D:1      | Reached skill level 4 in Ice Magic
   884 | D:1      | Reached XP level 3. HP: 21/21 MP: 6/6
  1424 | D:1      | Reached XP level 4. HP: 9/27 MP: 4/7
  1610 | D:1      | Learned a level 3 spell: Ozocubu's Armour
  1707 | D:2      | Reached skill level 5 in Ice Magic
  2644 | D:2      | Found a blossoming altar of Fedhas.
  2658 | D:2      | Noticed an oklob plant
  2845 | D:2      | Reached XP level 5. HP: 21/31 MP: 0/9
  3035 | D:2      | Learned a level 4 spell: Summon Ice Beast
  3117 | D:3      | Reached skill level 6 in Ice Magic
  4362 | D:3      | Found an ancient bone altar of Kikubaaqudgha.
  4362 | D:3      | Found a snail-covered altar of Cheibriados.
  4401 | D:4      | Got an ancient flail
  4403 | D:4      | Identified the +9 flail of Animal Spirits {elec, rN+ Stlth+} (You found it on level 4 of the Dungeon)
  4420 | D:4      | Reached XP level 6. HP: 32/36 MP: 10/10
  4476 | D:4      | Reached skill level 1 in Maces & Flails
  4519 | D:4      | Found a glowing golden altar of the Shining One.
  4669 | D:4      | Noticed nht's ghost (average OgBe)
  4810 | D:4      | Reached skill level 2 in Maces & Flails
  5165 | D:4      | Mangled by nht's ghost

Vanquished Creatures
  A hound (D:4)
  A worker ant (D:4)
  A hound skeleton (D:3)
  10 adders
  4 gnolls
  4 worms (D:2)
  A giant gecko (D:3)
  An ooze (D:1)
  2 ball pythons (D:2)
  5 giant cockroaches
  7 goblins
  13 hobgoblins
  16 jackals
  9 kobolds
  2 quokkas
  12 bats
  3 giant newts (D:2)
  11 rats
103 creatures vanquished.

Vanquished Creatures (others)
  10 toadstools (D:2)
10 creatures vanquished.

Grand Total: 113 creatures vanquished
